 Dungeon Crawl Stone Soup version 0.24-b1 (webtiles) character file.

Game seed: 15666693838032552731, levelgen mode: deterministic

2006 Kohma the Martial Artist (level 9, -5/60 HPs)
             Began as an Octopode Transmuter on Oct 12, 2019.
             Was a Follower of Makhleb.
             Slain by a two-headed ogre
             ... wielding a +0 giant club
              (29 damage)
             ... on level 6 of the Dungeon.
             The game lasted 00:20:00 (7061 turns).

Kohma the Martial Artist (Octopode Transmuter)      Turns: 7061, Time: 00:20:01

Health: -5/60      AC:  2    Str: 10    XL:     9   Next: 22%
Magic:  12/13      EV: 20    Int: 15    God:    Makhleb [*.....]
Gold:   349        SH:  0    Dex: 20    Spells: 8/14 levels left

rFire    . . .     SeeInvis .     - Unarmed
rCold    . . .     Gourm    .   (shield currently unavailable)
rNeg     . . .     Faith    .   (helmet currently unavailable)
rPois    x         Spirit   .   x - amulet of magic regeneration
rElec    .         Reflect  .   p - ring of stealth
rCorr    .         Harm     .   (no ring)
MR       .....                  (no ring)
Stlth    +++.......             (no ring)
HPRegen  0.20/turn              (no ring)
MPRegen  0.38/turn              (no ring)
                                (no ring)
                                (no ring)

@: spider-form
A: tiny, almost no armour, stealthy swim, (amphibious), 8 rings, (constrict 8)
a: End Transformation, Renounce Religion


You were on level 6 of the Dungeon.
You worshipped Makhleb.
Makhleb was aware of your devotion.
You were hungry.
You were a venomous arachnid creature.
You visited 2 branches of the dungeon, and saw 7 of its levels.

You collected 349 gold pieces.

Inventory:

Missiles
 a - 123 arrows
 d - 11 javelins (quivered)
 m - 2 throwing nets
 s - 4 atropa-tipped darts
Armour
 l - a +2 hat (melded)
Magical Staves
 q - an uncursed staff of energy {unknown}
Jewellery
 p - a ring of stealth (left front leg)
 x - an amulet of magic regeneration (around neck)
Wands
 i - a wand of disintegration (15)
 t - a wand of acid (8)
Scrolls
 b - a scroll of torment {unknown}
 e - 4 scrolls of teleportation
 g - a scroll of identify
 h - a scroll of remove curse
 j - a scroll of blinking
 n - a scroll of enchant weapon
 r - a scroll of enchant armour
Potions
 f - 2 potions of brilliance
 k - a potion of degeneration {unknown}
 o - 6 potions of curing
 v - a potion of resistance
Comestibles
 c - 15 rations
 u - 7 chunks of flesh


   Skills:
 + Level 4.8 Fighting
 - Level 2.0 Dodging
 * Level 8.6 Unarmed Combat
 - Level 3.0 Spellcasting
 - Level 4.0 Transmutations
 - Level 3.1 Poison Magic
 - Level 5.0 Invocations


You had 8 spell levels left.
You knew the following spells:

 Your Spells              Type           Power        Failure   Level  Hunger
a - Beastly Appendage     Tmut           ##....       12%         1    #......
b - Sticks to Snakes      Tmut           ##......     17%         2    ##.....
c - Spider Form           Tmut/Pois      ##........   32%         3    ###....

Your spell library contained the following spells:

 Spells                   Type           Power        Failure   Level  Hunger
 Ice Form                 Ice/Tmut       #.......     83%         4    #####..
 Blade Hands              Tmut           ##........   87%         5    ######.


Dungeon Overview and Level Annotations

Branches:
Dungeon (6/15)             Temple (1/1) D:4

Altars:
Ashenzari
Cheibriados
Dithmenos
Elyvilon
Fedhas
Gozag
Hepliaklqana
Makhleb
Nemelex Xobeh
Okawaru
Qazlal
Ru
Sif Muna
Vehumet
Wu Jian
Xom
Yredelemnul
Zin
The Shining One


Innate Abilities, Weirdness & Mutations

You cannot wear most types of armour.
You are very stealthy in the water. (Stealth+)
((You are amphibious.))
You can wear up to eight rings at the same time.
((You can use your tentacles to constrict eight enemies at once.))
((Your skin changes colour to match your surroundings (Stealth+).))
((Your rubbery body absorbs attacks. (AC +1, EV +1)))


Message History

There is a stone staircase leading up here.
Things that are here:
a scroll of immolation; a scroll of noise You completely miss the two-headed ogre.
You bite the two-headed ogre!
The two-headed ogre is poisoned.
The two-headed ogre is lightly wounded.
The two-headed ogre barely misses you.
The two-headed ogre completely misses you.
You hit the two-headed ogre but do no damage.
The two-headed ogre looks as sick as possible!
The two-headed ogre is moderately wounded.
The two-headed ogre closely misses you.
The two-headed ogre hits you with a +0 giant club!!
You bite the two-headed ogre!
The two-headed ogre looks as sick as possible!
The two-headed ogre is heavily wounded.
You barely miss the two-headed ogre.
The two-headed ogre is heavily wounded.
The two-headed ogre hits you with a +0 giant club!!
You die...

###
############################..
####.............)..............#
...............).##############..
...............#.# ##.
####.#.#######.#s# #. # #.#.#
#>#O# #. # #.#.# #.#.# #. # #.#.#
#.#.# #. ####.#.# #.#.# #######
#. .....#.# #.#.# #.....# ####.
######.# #.#.####.###.# #.^..
##...#.#######........# #.# #.###
....................### #.# #.#


You could see a two-headed ogre.

Vanquished Creatures
  Grinder (D:5)
  Menkaure (D:5)
  Edmund (D:4)
  A water moccasin (D:4)
  An orc warrior (D:6)
  2 phantoms (D:5)
  A necrophage (D:6)
  An ogre (D:6)
  A bullfrog (D:6)
  A gnoll sergeant (D:5)
  A water moccasin zombie (D:5)
  A howler monkey (D:6)
  2 crimson imps
  A centaur zombie (D:6)
  A bullfrog zombie (D:6)
  3 hounds
  5 orc priests
  An iguana (D:6)
  4 orc wizards
  4 worker ants
  A howler monkey zombie (D:6)
  Robin (D:2)
  6 adders
  7 gnolls
  A worker ant zombie (D:6)
  An ooze (D:1)
  3 worms
  A dart slug (D:3)
  2 leopard geckos (D:6)
  13 orcs
  A ball python (D:2)
  4 giant cockroaches
  15 goblins
  17 hobgoblins
  13 jackals
  5 kobolds
  2 quokkas
  3 bats
  A frilled lizard (D:2)
  4 rats (D:2)
135 creatures vanquished.

Vanquished Creatures (collateral kills)
  A leopard gecko (D:5)
  A hobgoblin (D:2)
  A quokka (D:2)
  A bat (D:3)
  A goblin (D:3)
5 creatures vanquished.

Grand Total: 140 creatures vanquished

Notes
Turn   | Place    | Note
-------+----------+-------------------------------------------
     0 | D:1      | Kohma the Octopode Transmuter began the quest for the Orb.
     0 | D:1      | Reached XP level 1. HP: 13/13 MP: 3/3
   216 | D:1      | Reached XP level 2. HP: 13/18 MP: 3/5
   220 | D:1      | Learned a level 2 spell: Sticks to Snakes
   651 | D:2      | Reached skill level 4 in Unarmed Combat
   667 | D:2      | Reached XP level 3. HP: 23/23 MP: 4/6
   672 | D:2      | Learned a level 3 spell: Spider Form
  1123 | D:2      | Reached XP level 4. HP: 13/28 MP: 2/7
  1575 | D:2      | Reached skill level 5 in Unarmed Combat
  1806 | D:2      | Found a faded altar of an unknown god.
  1822 | D:2      | Noticed Robin
  1862 | D:2      | Killed Robin
  1878 | D:2      | Reached skill level 1 in Poison Magic
  2060 | D:3      | Reached XP level 5. HP: 33/33 MP: 6/8
  2405 | D:3      | Found a glowing golden altar of the Shining One.
  2530 | D:3      | Found a radiant altar of Vehumet.
  2703 | D:4      | Reached XP level 6. HP: 25/38 MP: 9/9
  2918 | D:4      | Found a staircase to the Ecumenical Temple.
  2934 | Temple   | Entered the Ecumenical Temple
  2945 | Temple   | Became a worshipper of Makhleb the Destroyer
  3175 | D:4      | HP: 1/38 [orc priest/+0 flail (6)]
  3593 | D:5      | Entered Level 5 of the Dungeon
  3593 | D:5      | Noticed a water moccasin
  3603 | D:5      | HP: 1/38 [water moccasin zombie (2)]
  3614 | D:4      | Killed a water moccasin
  3614 | D:4      | Reached skill level 1 in Invocations
  3614 | D:4      | Reached XP level 7. HP: 10/43 MP: 9/11
  4176 | D:5      | Noticed Menkaure
  4187 | D:5      | Killed Menkaure
  4187 | D:5      | Reached skill level 6 in Unarmed Combat
  4221 | D:5      | Noticed Edmund
  4521 | D:4      | Killed Edmund
  4521 | D:4      | Reached XP level 8. HP: 47/51 MP: 6/12
  5011 | D:5      | Noticed Grinder
  5312 | D:5      | Killed Grinder
  5312 | D:5      | Reached skill level 7 in Unarmed Combat
  5867 | D:6      | Reached * piety under Makhleb
  6405 | D:6      | Reached skill level 8 in Unarmed Combat
  6443 | D:6      | Reached XP level 9. HP: 59/59 MP: 10/13
  6604 | D:6      | Found a hazy altar of Hepliaklqana.
  6776 | D:6      | Reached skill level 5 in Invocations
  7052 | D:6      | Noticed a two-headed ogre
  7061 | D:6      | Slain by a two-headed ogre

Skill      XL: |  1  2  3  4  5  6  7  8  9 |
---------------+----------------------------+-----
Unarmed Combat | 4 5 6 8 |  8.6
Poison Magic   | 1 2 3 |  3.1
Transmutations | 3 4 |  4.0
Spellcasting   | 3 |  3.0
Invocations    | 1 2 4 5 |  5.0
Fighting       | 2 4 |  4.8
Dodging        | |  2.0

Action                   |  1- 3 |  4- 6 |  7- 9 || total
-------------------------+-------+-------+-------++-------
Melee: Unarmed           |    42 |   153 |   218 ||   413
       Constrict         |    11 |    16 |    11 ||    38
       Tentacles         |     9 |     5 |    10 ||    24
       Punch             |     3 |     1 |     1 ||     5
       Kick              |     5 |    16 |    13 ||    34
Throw: Javelin           |     4 |     5 |     3 ||    12
 Cast: Beastly Appendage |    12 |    15 |     8 ||    35
       Sticks to Snakes  |     2 |     2 |    10 ||    14
       Spider Form       |       |     9 |    23 ||    32
  Use: Potion            |       |     2 |     1 ||     3
       Scroll            |       |       |    13 ||    13
 Stab: Sleeping          |     5 |     8 |     2 ||    15
       Distracted        |       |     1 |     1 ||     2
  Eat: Chunk             |     1 |     9 |     7 ||    17
       Ration            |       |       |     2 ||     2
Armor: Skin              |     4 |     7 |    11 ||    22
Dodge: Dodged            |    27 |   105 |   192 ||   324
